 Dungeon Crawl Stone Soup version 0.29.0-4-gdea44cf6ec (webtiles) character file.

Game seed: 17658964777967596576

1 qw the Sneak (level 1, -3/14 HPs)
             Began as a Gargoyle Delver on Sept 10, 2022.
             Slain by a worm (4 damage)
             ... on level 4 of the Dungeon.
             The game lasted 00:00:03 (106 turns).

qw the Sneak (Gargoyle Delver)                       Turns: 106, Time: 00:00:04

Health: -3/14      AC:  5    Str: 15    XL:     1   Next: 20%
Magic:  1/1        EV: 11    Int: 10    God:
Gold:   0          SH:  0    Dex: 11    Spells: 0/0 levels left

rFire   . . .      SeeInvis .   Y - +0 hand axe
rCold   . . .      Faith    .   (no shield)
rNeg    + . .      Spirit   .   b - +0 leather armour
rPois   inf        Reflect  .   (no helmet)
rElec   +          Harm     .   (no cloak)
rCorr   .          Rampage  .   (no gloves)
Will    .....                   (no boots)
Stlth   +++.......              (no amulet)
HPRegen 0.04/turn               (no ring)
MPRegen 0.07/turn               (no ring)

@: no status effects
A: sickness immunity, AC +2, negative energy resistance 1, electricity
resistance, torment resistance 1, petrification resistance
a: no special abilities


You were on level 4 of the Dungeon.
You visited 1 branch of the dungeon, and saw 2 of its levels.


Innate Abilities, Weirdness & Mutations

You are immune to sickness and miasma.
Your stone body is resilient. (AC +2)
You are immune to poison.
You resist negative energy. (rN+)
You are resistant to electric shocks. (rElec)
You are resistant to unholy torment.
You are immune to petrification.


   Skills:
 - Level 3.2 Fighting
 + Level 1.9 Axes
 - Level 1.5 Dodging
 - Level 5.4 Stealth


You couldn't memorise any spells.
You didn't know any spells.
Your spell library was empty.

Inventory:

Hand Weapons
 Y - a +0 hand axe (weapon)
Armour
 b - a +0 leather armour (worn)
Wands
 g - a wand of digging (3)
Potions
 d - a potion of magic {unknown}
 f - a potion of haste

Dungeon Overview and Level Annotations

Branches:
Dungeon (5/15)
 Temple: D:4-7

Altars:

Portals:
Sewer: D:4

Annotations:
D:4 2 runed translucent doors


Message History

Existing waypoints: (2) D:5 Assign waypoint to what number? (0-9, D - delete waypoint) Waypoint 1 assigned to D:4.
34 ||| PLANNING SEWER A giant cockroach comes into view.
The giant cockroach waves its antennae.
You barely miss the giant cockroach.
The giant cockroach bites you but does no damage.
You hit the giant cockroach.
You kill the giant cockroach!
Found 9 stones.
Found a stone staircase leading down.
Enter note:
c - a scroll labelled YTRED MUYMAGA
Enter note:
Found a stone staircase leading up.
You hear the slow rusting of a drain very nearby.
d - a bubbling white potion
Found a glowing drain.
89 ||| READING scroll labelled YTRED MUYMAGA.
As you read the scroll labelled YTRED MUYMAGA, it crumbles to dust.
It is a scroll of enchant armour.
Really abort (and waste the scroll)?
A worm comes into view.
A worm comes into view.
You hit the worm but do no damage. The worm bites you!
Ouch! That really hurt!
You hit the worm.
The worm is lightly wounded.
The worm bites you.
You barely miss the worm.
The worm is lightly wounded.
You barely miss the worm.
The worm is lightly wounded.
The worm barely misses you.
You completely miss the worm. The worm bites you.
You die...

... #.#~~~~~~~#..#.. .
##.~~~~~~~~...#..
...~~~\~~~...#.#
..~~~~~~~~.##.# #.
#~~~~~~w#.##.# # #
.....~~~~~...##.# #..#
#..#w..#..# #.# #..#
#...@...# #.####++##
####..#### #...8#..#8
#####.....###...+....+
##..........#....8####8
#...........#..........
#............##########
#............#
#...<.....>..#
##...........##


You could see 2 worms.

Vanquished Creatures
  A giant cockroach (D:4)
1 creature vanquished.

Notes
Turn   | Place    | Note
-------+----------+-------------------------------------------
     0 | D:5      | qw the Gargoyle Delver began the quest for the Orb.
     0 | D:5      | Reached XP level 1. HP: 14/14 MP: 1/1
     0 | D:5      | 0 ||| qw: Version: 0.1-a-116-g5d60599
     0 | D:5      | 0 ||| qw: Game counter: 8828
     0 | D:5      | 0 ||| qw: Always use a shield: true
     0 | D:5      | 0 ||| qw: God list: Okawaru
     0 | D:5      | 0 ||| qw: Allow faded altars: false
     0 | D:5      | 0 ||| qw: Do Orc after D:15 true
     0 | D:5      | 0 ||| qw: Do second Lair branch before Depths: true
     0 | D:5      | 0 ||| qw: Lair rune preference: random
     0 | D:5      | 0 ||| qw: Plans: Normal
     0 | D:5      | 0 ||| PLANNING D:1-11
    24 | D:5      | 24 ||| DROPPING scroll of fog.
    25 | D:5      | 25 ||| DROPPING scroll of magic mapping.
    26 | D:5      | 26 ||| DROPPING scroll of fear.
    34 | D:4      | 34 ||| PLANNING SEWER
    55 | D:4      | Found a large runed translucent door.
    56 | D:4      | Found a large runed translucent door.
    88 | D:4      | Found a glowing drain.
    89 | D:4      | 89 ||| READING scroll labelled YTRED MUYMAGA.
   103 | D:4      | HP: 1/14 [worm (5)]
   106 | D:4      | Slain by a worm

Levels and vault maps discovered:
D:4:      layout_cave_pods, jmf_multi_god_temple2, minmay_temple_entry_junction,
          cheibrodos_sewer_entry_drain
D:5:      layout_gridville, nicolae_shop_clearance

Action                   || total
-------------------------++-------
Melee: Hand axe          ||     7
  Use: Scroll            ||     1
Armor: Leather armour    ||     1
Dodge: Dodged            ||     1

Table legend:
 A = Non-vault XP
 B = Vault XP
 C = Vault XP percentage of total XP
 D = Non-vault monster count
 E = Vault monster count
 F = Vault count percentage of total count
                 A         B        C        D         E       F
            +---------+---------+-------+---------+---------+-------
      Total |       2 |       0 |   0.0 |       1 |       0 |   0.0
            +---------+---------+-------+---------+---------+-------
        D:4 |       2 |       0 |   0.0 |       1 |       0 |   0.0
            +---------+---------+-------+---------+---------+-------
